 Dungeon Sprint DCSS version 0.21.1-1-g345015f (webtiles) character file.

3985 wilfster70 the Covert (level 10, 74/82 HPs)
             Began as a Gnoll Enchanter on June 18, 2018.
             Was an Elder of Wu Jian.
             Quit the game in the Dungeon (Sprint I: "Red Sonja").
             The game lasted 00:04:26 (769 turns).

wilfster70 the Covert (Gnoll Enchanter)              Turns: 769, Time: 00:04:27

Health: 74/82      AC:  6    Str: 15    XL:     10   Next: 22%
Magic:  9/32       EV: 20    Int: 17    God:    Wu Jian [****..]
Gold:   141        SH:  0    Dex: 20    Spells: 22/28 levels left

rFire    . . .     SeeInvis .   a - +1 dagger
rCold    . . .     Gourm    .   (no shield)
rNeg     . . .     Faith    .   b - +0 robe
rPois    .         Spirit   .   (no helmet)
rElec    .         Reflect  .   (no cloak)
rCorr    .         Harm     .   (no gloves)
MR       .....     NoTele   +   n - +2 pair of boots {run}
Stlth    +++++.....             (no amulet)
HPRegen  0.23/turn              p - ring of Jamut {*Corrode +Fly MP+9 Dex+5}
MPRegen  0.23/turn              (no ring)

@: quick
A: distributed training, fangs 1, strong nose
a: Wall Jump, Serpent's Lash, Renounce Religion, Evoke Flight


You were in the Dungeon.
You worshipped Wu Jian.
Wu Jian was greatly pleased with you.
You were not hungry.

You visited 1 branch You collected 805 gold pieces.
You spent 664 gold pieces at shops.

Inventory:

Hand Weapons
 a - a +1 dagger (weapon)
Armour
 b - a +0 robe (worn)
 n - a +2 pair of boots of running (worn)
Jewellery
 p - the ring of Jamut (left hand) {*Corrode +Fly MP+9 Dex+5}
   (You bought it in a shop in the Dungeon)

   [ring of magical power]

   It affects your dexterity (+5).
   It affects your magic capacity (+9).
   It lets you fly.
   It may corrode you when you take damage.
Wands
 i - a wand of digging (16)
Scrolls
 j - a scroll of blinking
 m - a scroll of identify
Potions
 e - a potion of curing
 f - a potion of heal wounds
 g - a potion of haste
 h - 2 potions of magic
 k - a potion of cancellation
 o - a potion of brilliance {unknown}
Books
 c - a book of Maledictions

   Spells                             Type                      Level
   a - Corona                         Hexes                        1
   b - Ensorcelled Hibernation        Hexes/Ice                    2
   c - Confuse                        Hexes                        3
   d - Tukima's Dance                 Hexes                        3
   e - Dazzling Spray                 Conjuration/Hexes            3
Comestibles
 d - 3 rations
 l - 4 chunks of flesh


   Skills:
 + Level 8.5 Fighting
 + Level 9.0 Short Blades
 + Level 8.5 Long Blades
 + Level 8.5 Axes
 + Level 8.5 Maces & Flails
 + Level 8.5 Polearms
 + Level 8.5 Staves
 + Level 8.5 Slings
 + Level 8.5 Bows
 + Level 8.5 Crossbows
 + Level 8.5 Throwing
 + Level 8.5 Armour
 + Level 9.7 Dodging
 + Level 10.4 Stealth
 + Level 8.5 Shields
 + Level 8.5 Unarmed Combat
 + Level 9.9 Spellcasting
 + Level 7.1 Conjurations
 + Level 9.0 Hexes
 + Level 7.1 Charms
 + Level 7.1 Summonings
 + Level 7.1 Necromancy
 + Level 7.1 Translocations
 + Level 7.1 Transmutations
 + Level 7.1 Fire Magic
 + Level 7.1 Ice Magic
 + Level 7.1 Air Magic
 + Level 7.1 Earth Magic
 + Level 7.1 Poison Magic
 + Level 9.3 Invocations
 + Level 8.5 Evocations


You had 22 spell levels left.
You knew the following spells:

 Your Spells              Type           Power        Failure   Level  Hunger
a - Corona                Hex            #####..      1%          1    None
b - Ensorcelled Hibernat  Hex/Ice        #####.       1%          2    None
c - Confuse               Hex            #####...     1%          3    None


Dungeon Overview and Level Annotations

Branches:
Dungeon (1/1)

Altars:
Cheibriados
Dithmenos
Elyvilon
Fedhas
Gozag
Hepliaklqana
Kikubaaqudgha
Nemelex Xobeh
Okawaru
Qazlal
Ru
Sif Muna
Trog
Uskayaw
Vehumet
Wu Jian
Yredelemnul
Zin
The Shining One

Shops:
D ((**}?([*([}=?*[=


Innate Abilities, Weirdness & Mutations

Your experience applies equally to all skills.
You have very sharp teeth.
Your uncanny sense of smell can sniff out nearby items.


Message History

p - a twitching steel ring Thank you for shopping at Giazu's Assorted Antiques!
Wear which item? (? for menu, Esc to quit)
Okay, then.
Put on which piece of jewellery? (? for menu, Esc to quit)
You feel your magic capacity increase.
You feel agile.
p - the ring of Jamut (left hand) {*Corrode +Fly MP+9 Dex+5} Saving game... please wait.
Welcome back, wilfster70 the Gnoll Enchanter.
The Council says: Follow the Path!
Press ? for a list of commands and other information.
There is an entrance to Saruot's Gadget Boutique here.
There is an entrance to Pixaxiul's Magic Scroll Emporium here.
There is an entrance to Qyekk's Weapon Shop here.
There is an entrance to Epneusimim's Armour Shoppe here.
There is an entrance to Emaonk's Assorted Antiques here.
You are no longer corroded.
There is an entrance to Jumn's Weapon Emporium here.
Are you sure you want to abandon this character and quit the game? (Confirm with "yes".)

∆∆∆∆∆#....§§.§#§#
∆∆
####..J..§§#'§#∆∆∆
∆nn)......§≈####∆
∆%}....n..≈§# ∆∆∆
.....nJJJ≈## ∆∆
#..≈≈nJ### ∆
###+######'###
∆∆∆∆∆
#∩∩########∩∩#
##∩∩∩∩∩@∩∩∩∩##
############ ∆


There were no monsters in sight!

Vanquished Creatures
  2 centaur warriors (D)
  Sonja (D)
  A deep troll (D)
  An oklob plant (D)
  A hornet (D)
  Sigmund (D)
  2 redbacks (D)
  A yak (D)
  A floating eye (D)
  An ogre (D)
  A necrophage (D)
  6 jellies (D)
  Ijyb (D)
20 creatures vanquished.

Notes
Turn   | Place    | Note
-------+----------+-------------------------------------------
     0 | D        | wilfster70 the Gnoll Enchanter began the quest for the Orb.
     0 | D        | Reached XP level 1. HP: 13/13 MP: 6/6
     1 | D        | Noticed Ijyb
     6 | D        | Killed Ijyb
     6 | D        | Reached skill level 1 in Fighting
     6 | D        | Reached skill level 1 in Long Blades
     6 | D        | Reached skill level 1 in Axes
     6 | D        | Reached skill level 1 in Maces & Flails
     6 | D        | Reached skill level 1 in Polearms
     6 | D        | Reached skill level 1 in Staves
     6 | D        | Reached skill level 1 in Slings
     6 | D        | Reached skill level 1 in Bows
     6 | D        | Reached skill level 1 in Crossbows
     6 | D        | Reached skill level 1 in Throwing
     6 | D        | Reached skill level 1 in Armour
     6 | D        | Reached skill level 6 in Stealth
     6 | D        | Reached skill level 1 in Shields
     6 | D        | Reached skill level 1 in Unarmed Combat
     6 | D        | Reached skill level 5 in Spellcasting
     6 | D        | Reached skill level 1 in Conjurations
     6 | D        | Reached skill level 1 in Charms
     6 | D        | Reached skill level 1 in Summonings
     6 | D        | Reached skill level 1 in Necromancy
     6 | D        | Reached skill level 1 in Translocations
     6 | D        | Reached skill level 1 in Transmutations
     6 | D        | Reached skill level 1 in Fire Magic
     6 | D        | Reached skill level 1 in Ice Magic
     6 | D        | Reached skill level 1 in Air Magic
     6 | D        | Reached skill level 1 in Earth Magic
     6 | D        | Reached skill level 1 in Poison Magic
     6 | D        | Reached skill level 1 in Invocations
     6 | D        | Reached skill level 1 in Evocations
     6 | D        | Reached XP level 2. HP: 22/22 MP: 8/8
     6 | D        | Reached XP level 3. HP: 27/27 MP: 9/9
    14 | D        | Learned a level 2 spell: Ensorcelled Hibernation
    18 | D        | Learned a level 3 spell: Confuse
    58 | D        | Noticed an ogre
    61 | D        | Killed an ogre
    61 | D        | Reached skill level 5 in Dodging
    61 | D        | Reached XP level 4. HP: 35/35 MP: 5/11
   118 | D        | Noticed Sigmund
   124 | D        | Killed Sigmund
   124 | D        | Reached skill level 5 in Short Blades
   124 | D        | Reached skill level 7 in Stealth
   124 | D        | Reached XP level 5. HP: 34/42 MP: 5/14
   124 | D        | Reached XP level 6. HP: 39/48 MP: 5/15
   202 | D        | Found a deep blue altar of Sif Muna.
   203 | D        | Found an ornate altar of the Wu Jian Council.
   204 | D        | Found a radiant altar of Vehumet.
   207 | D        | Became a worshipper of the Wu Jian Council
   236 | D        | Found Ceofymus's Antique Weapon Emporium.
   236 | D        | Found an ancient bone altar of Kikubaaqudgha.
   236 | D        | Found a hazy altar of Hepliaklqana.
   236 | D        | Found a stormy altar of Qazlal.
   236 | D        | Found a hide-covered altar of Uskayaw.
   236 | D        | Found a blossoming altar of Fedhas.
   236 | D        | Found a bloodstained altar of Trog.
   236 | D        | Found an iron altar of Okawaru.
   236 | D        | Found a basalt altar of Yredelemnul.
   236 | D        | Found a glowing golden altar of the Shining One.
   236 | D        | Found a snail-covered altar of Cheibriados.
   236 | D        | Found a sacrificial altar of Ru.
   236 | D        | Found a glowing silver altar of Zin.
   236 | D        | Found a shadowy altar of Dithmenos.
   236 | D        | Found a white marble altar of Elyvilon.
   236 | D        | Noticed a yak
   237 | D        | Found an opulent altar of Gozag.
   237 | D        | Killed a yak
   237 | D        | Reached skill level 5 in Fighting
   237 | D        | Reached skill level 5 in Long Blades
   237 | D        | Reached skill level 5 in Axes
   237 | D        | Reached skill level 5 in Maces & Flails
   237 | D        | Reached skill level 5 in Polearms
   237 | D        | Reached skill level 5 in Staves
   237 | D        | Reached skill level 5 in Slings
   237 | D        | Reached skill level 5 in Bows
   237 | D        | Reached skill level 5 in Crossbows
   237 | D        | Reached skill level 5 in Throwing
   237 | D        | Reached skill level 5 in Armour
   237 | D        | Reached skill level 5 in Shields
   237 | D        | Reached skill level 5 in Unarmed Combat
   237 | D        | Reached skill level 5 in Invocations
   237 | D        | Reached skill level 5 in Evocations
   237 | D        | Reached XP level 7. HP: 56/56 MP: 15/17
   238 | D        | Found a sparkling altar of Nemelex Xobeh.
   250 | D        | Noticed Sonja
   255 | D        | Killed Sonja
   255 | D        | Reached * piety under Wu Jian
   255 | D        | Reached skill level 8 in Stealth
   255 | D        | Reached skill level 5 in Conjurations
   255 | D        | Reached skill level 5 in Charms
   255 | D        | Reached skill level 5 in Summonings
   255 | D        | Reached skill level 5 in Necromancy
   255 | D        | Reached skill level 5 in Translocations
   255 | D        | Reached skill level 5 in Transmutations
   255 | D        | Reached skill level 5 in Fire Magic
   255 | D        | Reached skill level 5 in Ice Magic
   255 | D        | Reached skill level 5 in Air Magic
   255 | D        | Reached skill level 5 in Earth Magic
   255 | D        | Reached skill level 5 in Poison Magic
   255 | D        | Reached XP level 8. HP: 42/64 MP: 14/20
   561 | D        | Found Hyakhlaehi's Antique Weapon Boutique.
   623 | D        | Noticed a deep troll
   626 | D        | Killed a deep troll
   626 | D        | Reached skill level 9 in Stealth
   642 | D        | Found Tailie Naps's Armour Emporium.
   647 | D        | Bought a +2 pair of boots of running for 539 gold pieces
   670 | D        | Noticed a centaur warrior
   670 | D        | Noticed a centaur warrior
   671 | D        | Killed a centaur warrior
   671 | D        | Reached XP level 9. HP: 72/72 MP: 20/22
   672 | D        | Killed a centaur warrior
   672 | D        | Reached ** piety under Wu Jian
   680 | D        | Noticed a hornet
   682 | D        | Killed a hornet
   682 | D        | Reached skill level 10 in Stealth
   693 | D        | Noticed an oklob plant
   694 | D        | Killed an oklob plant
   694 | D        | Reached XP level 10. HP: 80/80 MP: 23/23
   702 | D        | Reached *** piety under Wu Jian
   727 | D        | Found Ufa Popp's Magic Scroll Boutique.
   727 | D        | Found Quhumate's Jewellery Emporium.
   727 | D        | Found Repriynua's Assorted Antiques.
   729 | D        | Found Gafraal's Jewellery Boutique.
   729 | D        | Found Ociwij's Gadget Shoppe.
   729 | D        | Found Soc Nor's Armour Shop.
   729 | D        | Found Jumn's Weapon Emporium.
   729 | D        | Found Emaonk's Assorted Antiques.
   729 | D        | Found Epneusimim's Armour Shoppe.
   729 | D        | Found Qyekk's Weapon Shop.
   732 | D        | Found Pixaxiul's Magic Scroll Emporium.
   733 | D        | Found Saruot's Gadget Boutique.
   733 | D        | Found Pokloon's Assorted Antiques.
   734 | D        | Found Giazu's Assorted Antiques.
   747 | D        | Reached **** piety under Wu Jian
   762 | D        | Bought a twitching steel ring for 125 gold pieces
   762 | D        | Identified the ring of Jamut {*Corrode +Fly MP+9 Dex+5} (You bought it in a shop in the Dungeon)
   769 | D        | Quit the game

Skill      XL: |  1  2  3  4  5  6  7  8  9 10 |
---------------+-------------------------------+-----
Fighting       | 1 3 4 5 6 7 8 |  8.5
Short Blades   | 3 4 5 6 7 8 9 |  9.0
Long Blades    | 1 3 4 5 6 7 8 |  8.5
Axes           | 1 3 4 5 6 7 8 |  8.5
Maces & Flails | 1 3 4 5 6 7 8 |  8.5
Polearms       | 1 3 4 5 6 7 8 |  8.5
Staves         | 1 3 4 5 6 7 8 |  8.5
Slings         | 1 3 4 5 6 7 8 |  8.5
Bows           | 1 3 4 5 6 7 8 |  8.5
Crossbows      | 1 3 4 5 6 7 8 |  8.5
Throwing       | 1 3 4 5 6 7 8 |  8.5
Armour         | 1 3 4 5 6 7 8 |  8.5
Stealth        | 6 7 8 9 10 | 10.4
Shields        | 1 3 4 5 6 7 8 |  8.5
Unarmed Combat | 1 3 4 5 6 7 8 |  8.5
Spellcasting   | 5 6 7 8 9 |  9.9
Conjurations   | 1 2 3 4 5 6 7 |  7.1
Charms         | 1 2 3 4 5 6 7 |  7.1
Summonings     | 1 2 3 4 5 6 7 |  7.1
Necromancy     | 1 2 3 4 5 6 7 |  7.1
Translocations | 1 2 3 4 5 6 7 |  7.1
Transmutations | 1 2 3 4 5 6 7 |  7.1
Fire Magic     | 1 2 3 4 5 6 7 |  7.1
Ice Magic      | 1 2 3 4 5 6 7 |  7.1
Air Magic      | 1 2 3 4 5 6 7 |  7.1
Earth Magic    | 1 2 3 4 5 6 7 |  7.1
Poison Magic   | 1 2 3 4 5 6 7 |  7.1
Invocations    | 1 3 4 5 6 8 9 |  9.3
Evocations     | 1 3 4 5 6 7 8 |  8.5
Dodging        | 5 6 7 8 9 |  9.7
Hexes          | 6 7 8 9 |  9.0

Action                   |  1- 3 |  4- 6 |  7- 9 | 10-12 || total
-------------------------+-------+-------+-------+-------++-------
Melee: Dagger            |     5 |     3 |     6 |    16 ||    30
       Bite              |       |       |       |     3 ||     3
       Punch             |       |       |       |     1 ||     1
 Cast: Ensorcelled Hiber |     2 |     4 |     1 |     8 ||    15
       Confuse           |       |       |       |     1 ||     1
Invok: Lunge             |       |     1 |     5 |     5 ||    11
       Whirlwind         |       |       |       |     3 ||     3
Evoke: Wand              |     1 |       |       |       ||     1
  Use: Potion            |     1 |       |       |       ||     1
       Scroll            |       |       |     1 |       ||     1
 Stab: Sleeping          |     1 |     3 |     6 |     8 ||    18
       Confused          |       |       |       |     1 ||     1
Armor: Robe              |       |       |       |     1 ||     1
Dodge: Dodged            |     1 |     1 |     1 |     8 ||    11
